 Dungeon Crawl Stone Soup version 0.27.1-34-g3ba077fa99 (webtiles) character file.

Game seed: 11901282717274676836

35 MisterFreud the Covered (level 3, -3/31 HPs)
             Began as a Gnoll Wanderer on Jan 24, 2022.
             Was a Believer of Lugonu.
             Slain by a hobgoblin (5 damage)
             ... on level 2 of the Dungeon.
             The game lasted 00:01:28 (1344 turns).

MisterFreud the Covered (Gnoll Wanderer)            Turns: 1344, Time: 00:01:28

Health: -3/31      AC:  2    Str: 12    XL:     3   Next: 33%
Magic:  4/4        EV: 11    Int:  9    God:    Lugonu [**....]
Gold:   43         SH:  0    Dex: 13    Spells: 3/3 levels left

rFire    . . .     SeeInvis .   c - +0 hand axe
rCold    . . .     Faith    .   (no shield)
rNeg     . . .     Spirit   .   d - +0 robe
rPois    .         Reflect  .   (no helmet)
rElec    .         Harm     .   (no cloak)
rCorr    .         Rampage  .   (no gloves)
Will     .....                  (no boots)
Stlth    ++........             (no amulet)
HPRegen  0.10/turn              (no ring)
MPRegen  0.09/turn              (no ring)

@: no status effects
A: fangs 1, strong nose, distributed training
a: Renounce Religion, Depart the Abyss, Bend Space


You were on level 2 of the Dungeon.
You worshipped Lugonu.
Lugonu was pleased with you.
You visited 1 branch of the dungeon, and saw 2 of its levels.

You collected 43 gold pieces.

Inventory:

Hand Weapons
 a - a +0 mace
 c - a +0 hand axe (weapon)
Missiles
 h - 14 poisoned darts
 j - 10 boomerangs
Armour
 d - a +0 robe (worn)
Scrolls
 f - 4 scrolls of fear {unknown}
 g - a scroll of amnesia {unknown}
 i - 2 scrolls of teleportation {unknown}
 n - a scroll of summoning {unknown}
 o - 3 scrolls of identify {unknown}
Potions
 e - a potion of flight {unknown}
 k - a potion of lignification {unknown}
 l - a potion of brilliance {unknown}
 m - a potion of resistance {unknown}
Miscellaneous
 b - a box of beasts (quivered)


   Skills:
 + Level 4.5 Fighting
 + Level 0.7 Short Blades
 + Level 2.6 Long Blades
 + Level 2.6 Axes
 + Level 0.7 Maces & Flails
 + Level 0.7 Polearms
 + Level 0.7 Staves
 + Level 0.7 Slings
 + Level 0.7 Bows
 + Level 0.7 Crossbows
 + Level 2.6 Throwing
 + Level 6.5 Armour
 + Level 0.7 Dodging
 + Level 2.3 Stealth
 + Level 0.7 Shields
 + Level 0.7 Unarmed Combat
 + Level 0.7 Spellcasting
 + Level 0.5 Conjurations
 + Level 0.5 Hexes
 + Level 0.5 Summonings
 + Level 0.5 Necromancy
 + Level 0.5 Translocations
 + Level 0.5 Transmutations
 + Level 0.5 Fire Magic
 + Level 0.5 Ice Magic
 + Level 0.5 Air Magic
 + Level 0.5 Earth Magic
 + Level 0.5 Poison Magic
 + Level 0.9 Invocations
 + Level 2.6 Evocations


You had 3 spell levels left.
You didn't know any spells.
Your spell library was empty.

Dungeon Overview and Level Annotations

Branches:
Dungeon (2/15)

Altars:
Ru
Lugonu


Innate Abilities, Weirdness & Mutations

You have very sharp teeth.
Your uncanny sense of smell can sniff out nearby items.
Your experience applies equally to all skills.


Message History

Lugonu accepts your kill.
You hit the hobgoblin. You closely miss the quokka.
A hobgoblin comes into view.
The quokka completely misses you. The hobgoblin hits you.
You closely miss the hobgoblin.
The hobgoblin is lightly wounded.
The hobgoblin shouts!
You hit the quokka. You hit the hobgoblin but do no damage.
The quokka bites you. The hobgoblin barely misses you.
The hobgoblin misses you. The quokka bites you.
The hobgoblin closely misses you.
You are too injured to fight recklessly!
Unknown command.
You are too injured to fight recklessly!
Unknown command.
Unknown command.
You hit the hobgoblin. You bite the hobgoblin.
The hobgoblin is heavily wounded.
You hit the quokka.
You kill the quokka!
Lugonu accepts your kill.
You hit the hobgoblin but do no damage.
The hobgoblin hits you but does no damage.
The hobgoblin closely misses you.
You hit the hobgoblin.
You kill the hobgoblin!
Lugonu accepts your kill.
You closely miss the hobgoblin. The hobgoblin hits you.
Unknown command.
You barely miss the hobgoblin. The hobgoblin hits you.
* * * LOW HITPOINT WARNING * * *
You closely miss the hobgoblin. The hobgoblin barely misses you.
You hit the hobgoblin.
The hobgoblin is heavily wounded.
You hit the hobgoblin but do no damage. The hobgoblin hits you.
* * * LOW HITPOINT WARNING * * *
The hobgoblin barely misses you. The hobgoblin hits you.
* * * LOW HITPOINT WARNING * * *
The hobgoblin hits you.
You die...

#........######.........
#..)............######.#
#........######## #..
#......(.####### ###
#............... #
#............... #
#............... #
#............... #
#......@.###....
#####.g.........
.......g†......[
................
..............#
..............#
######...)....#
#........# #.....$..#


You could see 2 hobgoblins.

Vanquished Creatures
  A dart slug (D:1)
  2 endoplasms
  A giant cockroach (D:1)
  2 goblins
  2 hobgoblins
  11 kobolds
  2 quokkas
  4 ball pythons (D:1)
  A bat (D:1)
  4 rats
30 creatures vanquished.

Notes
Turn   | Place    | Note
-------+----------+-------------------------------------------
     0 | D:1      | MisterFreud the Gnoll Wanderer began the quest for the Orb.
     0 | D:1      | MisterFreud set off with the following items: a +0 mace, a
                  | box of beasts, a +0 hand axe, a +0 robe
     0 | D:1      | Reached XP level 1. HP: 20/20 MP: 1/1
   170 | D:1      | Reached XP level 2. HP: 26/26 MP: 2/2
   178 | D:1      | Found a faded altar of an unknown god.
   198 | D:1      | Became a worshipper of Lugonu the Unformed
   198 | D:1      | Reached * piety under Lugonu
   198 | D:1      | Reached ** piety under Lugonu
   523 | D:1      | Found a sacrificial altar of Ru.
   808 | D:2      | Reached XP level 3. HP: 28/31 MP: 3/3
  1344 | D:2      | Slain by a hobgoblin

Illustrated notes

Levels and vault maps discovered:
D:1:      erik_arrival_triangle_small, layout_rooms,
          ebering_ecumenical_altar_abandoned, kennysheep_flooded_box
D:2:      layout_basic

Action                   || total
-------------------------++-------
Melee: Hand axe          ||    77
       Bite              ||     3
 Stab: Sleeping          ||     6
Armor: Robe              ||    12
Dodge: Dodged            ||    51
